AoeStats
← DKing

Black Forest

510352818Analyzed
4v4 RM · 21h ago on Sep 30, 2026· 37m 20s· 8 players
Game mode
Random Map
Map size
Large (8 player)
Population
200
Speed
Normal
Resources
Standard
Victory
Conquest
Starting age
Dark Age
Ending age
Imperial Age
RankedLock teamsTeams togetherTeam positionsShared explorationLock speedFull tech treeHidden civsTurbo modeCheats
Victory
Defeat
🇩🇪 Khmer · Germany
1233
+13
🇵🇹 Persians · Portugal
1227
+13
🇮🇶 Britons · Iraq
1205
+14
🇹🇷 Bohemians · Türkiye
1181
+14
🇲🇽 Goths · Mexico
1203
-15
🇨🇳 Teutons · China
1178
-14
🇧🇷 Khmer · Brazil
1139
-13
🇪🇸 Cumans · Spain
1124
-12
fastgg
10:02 Feudal Age
12:44 Castle Age
10:42 Double-Bit Axe
10:39 Horse Collar
13:38 Bow Saw
13:30 Heavy Plow
14:03 Town Watch
15:14 Loom
18:51 Stone Mining
21:00 Gold Mining
23:07 Gold Shaft Mining
22:34 Loom
27:45 Imperial Age
26:46 Wheelbarrow
26:18 Scale Barding Armor
26:23 Forging
27:21 Chain Barding Armor
28:33 Iron Casting
28:34 Hand Cart
28:31 Bloodlines
28:22 Husbandry
28:14 Elite Battle Elephant
30:27 Plate Barding Armor
31:06 Blast Furnace
29:28 Light Cavalry
31:17 Conscription
30:57 Tusk Swords
34:44 Double Crossbow
34:19 Light Cavalry
35:36 Hussar
37:37 Fletching
37:47 Padded Archer Armor
37:48 Scale Mail Armor
M.S.
0:26 Loom
13:44 Feudal Age
18:23 Castle Age
17:16 Double-Bit Axe
17:15 Horse Collar
19:34 Wheelbarrow
21:02 Bow Saw
26:33 Heavy Plow
32:52 Imperial Age
31:34 Hand Cart
31:11 Town Watch
32:45 Chemistry
32:30 Fervor
32:49 Town Patrol
33:53 Ballistics
33:44 Fortified Wall
33:53 Pikeman
34:33 Squires
34:20 Arson
37:04 Forging
36:54 Scale Mail Armor
38:05 Two-Man Saw
DKing
10:38 Feudal Age
14:23 Castle Age
12:24 Double-Bit Axe
12:38 Horse Collar
15:56 Heavy Plow
18:19 Loom
22:52 Wheelbarrow
23:37 Bow Saw
23:20 Gold Mining
26:42 Hand Cart
29:53 Imperial Age
27:25 Stone Mining
27:27 Fletching
29:29 Scale Barding Armor
29:35 Forging
31:23 Chemistry
31:48 Two-Man Saw
31:23 Ballistics
31:42 Chain Barding Armor
32:12 Conscription
32:58 Iron Casting
32:19 Light Cavalry
33:09 Bloodlines
33:00 Husbandry
33:09 Caravan
34:00 Crop Rotation
34:24 Plate Barding Armor
36:03 Elite War Elephant
37:54 Blast Furnace
37:55 Padded Archer Armor
ahmady sulaymani
0:33 Loom
13:36 Feudal Age
17:44 Castle Age
15:36 Double-Bit Axe
15:34 Horse Collar
19:00 Bow Saw
20:27 Stone Mining
21:34 Gold Mining
23:07 Heavy Plow
26:01 Wheelbarrow
27:04 Fletching
27:53 Siphons
28:32 Siphons
28:26 Bodkin Arrow
29:53 Hand Cart
32:22 Imperial Age
30:09 Hand Cart
31:01 Padded Archer Armor
32:06 Ballistics
32:31 Leather Archer Armor
33:12 Bracer
35:18 Two-Man Saw
34:59 Gold Shaft Mining
34:42 Guilds
34:35 Caravan
35:32 Yeomen
35:33 Conscription
36:34 Ring Archer Armor
36:33 Warwolf
36:05 Elite Longbowman
38:08 Chemistry
TheRev9426
4:27 Loom
12:32 Feudal Age
17:39 Castle Age
20:57 Town Watch
21:23 Double-Bit Axe
22:20 Bow Saw
25:48 Wheelbarrow
26:17 Anarchy
30:26 Pikeman
32:57 Forging
32:48 Scale Mail Armor
37:08 Imperial Age
John Kalztan
5:12 Loom
11:02 Feudal Age
12:09 Double-Bit Axe
12:42 Horse Collar
21:02 Castle Age
19:58 Stone Mining
22:26 Bloodlines
22:09 Fletching
22:15 Gold Mining
22:37 Bow Saw
22:31 Heavy Plow
24:53 Gold Shaft Mining
26:29 Steppe Husbandry
27:02 Bodkin Arrow
27:22 Padded Archer Armor
27:55 Ballistics
31:01 Thumb Ring
34:08 Imperial Age
32:00 Town Watch
31:54 Light Cavalry
32:43 Scale Barding Armor
34:18 Wheelbarrow
33:45 Town Patrol
34:41 Chain Barding Armor
35:11 Conscription
36:02 Elite Kipchak
37:02 Hand Cart
galv
1:37 Loom
12:56 Feudal Age
15:49 Castle Age
14:30 Double-Bit Axe
14:40 Gold Mining
14:33 Horse Collar
18:19 Bow Saw
20:03 Heavy Plow
26:21 Wheelbarrow
26:21 Town Watch
26:42 Stone Mining
27:32 Gold Shaft Mining
30:16 Imperial Age
28:25 Hand Cart
29:29 Town Patrol
29:43 Forging
30:30 Ballistics
31:23 Scale Barding Armor
31:54 Iron Casting
31:53 Scale Mail Armor
31:35 Pikeman
32:02 Arson
32:34 Fletching
32:11 Halberdier
33:27 Conscription
35:27 Chain Mail Armor
36:13 Blast Furnace
新手村天幕星
11:29 Feudal Age
16:17 Castle Age
14:50 Horse Collar
15:03 Double-Bit Axe
20:05 Heavy Plow
20:20 Bow Saw
26:10 Wheelbarrow
26:25 Gold Mining
26:26 Stone Mining
27:06 Loom
32:16 Imperial Age
29:56 Squires
29:41 Arson
29:17 Pikeman
30:32 Fletching
30:53 Forging
30:44 Scale Mail Armor
31:57 Town Watch
33:09 Iron Casting
32:32 Bodkin Arrow
33:00 Ballistics
34:28 Chemistry
34:24 Block Printing
34:19 Redemption
34:23 Fervor
34:36 Sanctity
34:46 Illumination
35:01 Theocracy
35:11 Hand Cart
35:44 Crop Rotation
Connection lost

Rejoining the realm…

Still unreachable

The connection could not be restored.

Session expired

The server has moved on; the page needs a fresh start.